 Dungeon Crawl Stone Soup version 0.31-a0-234-gad7ace16ef (webtiles) character file.

Game seed: 3370087797171950803

141 qw the Shooter (level 5, -1/42 HPs)
             Began as a Minotaur Hexslinger on July 9, 2023.
             Slain by a gnoll
             ... wielding a +0 halberd
              (16 damage)
             ... on level 3 of the Dungeon.
             The game lasted 00:00:38 (1715 turns).

qw the Shooter (Minotaur Hexslinger)                Turns: 1715, Time: 00:00:39

Health: -1/42      AC:  5    Str: 13    XL:     5   Next: 3%
Magic:  5/5        EV: 11    Int: 10    God:
Gold:   98         SH:  0    Dex: 14    Spells: 5/6 levels left

rFire   + . .        Y - +1 sling
rCold   . . .        (no shield)
rNeg    . . .        g - +0 ring mail
rPois   .            (helmet restricted)
rElec   .            (no cloak)
rCorr   .            (no gloves)
SInv    .            (no boots)
Will    .....        (no amulet)
Stlth   +            h - ring of protection from fire
HPRegen 0.27/turn    (no ring)
MPRegen 0.09/turn

%: no passive effects
@: no status effects
A: horns 2, retaliatory headbutt
a: no special abilities


You were on level 3 of the Dungeon.
You visited 1 branch of the dungeon, and saw 3 of its levels.

You collected 98 gold pieces.


Innate Abilities, Weirdness & Mutations

You have a pair of horns on your head.
You reflexively headbutt those who attack you in melee.


   Skills:
 + Level 2.4 Fighting
 - Level 5.0 Ranged Weapons
 - Level 1.9 Armour
 - Level 2.1 Dodging
 - Level 1.0 Spellcasting
 - Level 2.0 Hexes


You had 5 spell levels left.
You knew the following spells:

 Your Spells              Type           Power      Damage    Failure   Level
a - Slow                  Hex            16%        N/A       32%         1

Your spell library contained the following spells:

 Spells                   Type           Power      Damage    Failure   Level
 Inner Flame              Hex/Fire       2%         N/A       82%         3
 Portal Projectile        Hex/Tloc       4%         N/A       82%         3
 Cause Fear               Hex            2%         N/A       97%         4

Inventory:

Hand Weapons
 Y - a +1 sling (weapon)
Armour
 g - a +0 ring mail (worn)
Jewellery
 h - a ring of protection from fire (left hand)
Scrolls
 a - a scroll of identify
Potions
 b - a potion of curing {unknown}
 c - a potion of ambrosia {unknown}
 d - a potion of degeneration {unknown}

Dungeon Overview and Level Annotations

Branches:
Dungeon (3/15)

Altars:

Shops:
D:3 [


Message History

The gnoll shouts!
A gnoll comes into view. It is wielding a +0 halberd.
Enter note:
Enter note: You shoot a sling bullet.
The sling bullet closely misses the gnoll.
The gnoll shouts!
The sling bullet hits the gnoll.
The gnoll is heavily wounded.
You shoot a sling bullet.
The sling bullet barely misses the gnoll.
You shoot a sling bullet.
The sling bullet closely misses the gnoll.
You shoot a sling bullet.
The sling bullet hits the gnoll but does no damage.
You shoot a sling bullet.
The sling bullet closely misses the gnoll.
The sling bullet hits the gnoll.
The gnoll is heavily wounded.
The gnoll barely misses you. You furiously retaliate!
You headbutt the gnoll, but do no damage.
You shoot a sling bullet.
The sling bullet hits the gnoll but does no damage.
The gnoll closely misses you.
You shoot a sling bullet.
The sling bullet hits the gnoll but does no damage.
The gnoll misses you. The gnoll closely misses you. The gnoll misses you.
The gnoll barely misses you.
You shoot a sling bullet. The sling bullet hits the gnoll!
The gnoll is heavily wounded.
The gnoll hits you with a +0 flail! The gnoll hits you but does no damage.
You shoot a sling bullet.
The sling bullet hits the gnoll but does no damage.
The gnoll is heavily wounded.
The gnoll hits you from afar with a +0 halberd!
The gnoll hits you with a +0 flail.
You shoot a sling bullet.
The sling bullet closely misses the gnoll.
The gnoll hits you from afar with a +0 halberd!
You die...

.#............#
J#.....!......###
.#..............#
#######........#
.... ..#.....#..#
#### #.#.....#..#
..... #.#...#.#.##
......#.#...#.#.#
......?@....#.#.#
.......g....#.#.#
.....g..)...#.#.#
............#.#..
........#######...
........# ....
........# ....
........#


You could see 2 gnolls.

Vanquished Creatures
  Natasha (thrice) (D:2)
  2 adders (D:2)
  A gnoll (D:3)
  2 dart slugs (D:1)
  2 bats (D:1)
  4 endoplasms
  A giant cockroach (D:2)
  2 goblins (D:1)
  2 hobgoblins (D:1)
  3 jackals (D:1)
  3 kobolds
  A quokka (D:1)
  4 ball pythons
  A frilled lizard (D:2)
  5 rats
36 creatures vanquished.

Notes
Turn   | Place    | Note
-------+----------+-------------------------------------------
     0 | D:1      | qw the Minotaur Hexslinger began the quest for the Orb.
     0 | D:1      | Reached XP level 1. HP: 16/16 MP: 1/1
     0 | D:1      | 0 ||| qw: Version: 0.3-a-51-g015441d
     0 | D:1      | 0 ||| qw: Game counter: 4345
     0 | D:1      | 0 ||| qw: Melee chars always use a shield: true
     0 | D:1      | 0 ||| qw: God list: Okawaru
     0 | D:1      | 0 ||| qw: Allow faded altars: false
     0 | D:1      | 0 ||| qw: Do Orc after clearing Dungeon:15 true
     0 | D:1      | 0 ||| qw: Do second Lair branch before Depths: true
     0 | D:1      | 0 ||| qw: Lair rune preference: random
     0 | D:1      | 0 ||| qw: Goals: Normal
     0 | D:1      | 0 ||| PLANNING D:1-11
   127 | D:1      | 127 ||| FLEEEEING.
   285 | D:1      | Reached skill level 3 in Ranged Weapons
   295 | D:1      | Reached XP level 2. HP: 23/23 MP: 2/2
   584 | D:1      | Found a faded altar of an unknown god.
   736 | D:1      | Reached XP level 3. HP: 29/29 MP: 3/3
   750 | D:1      | 750 ||| UPGRADING to +0 ring mail.
   760 | D:1      | 760 ||| DROPPING +0 robe.
   761 | D:1      | 761 ||| UPGRADING to ring of protection from fire.
   762 | D:1      | 762 ||| READING scroll labelled MARALY ETOIKHE.
   763 | D:1      | 763 ||| READING scroll labelled ERIERE MISCHAGOAKI.
   817 | D:1      | 817 ||| READING scroll labelled ORICRU IPHIDIS.
   818 | D:1      | 818 ||| DROPPING scroll of poison.
   858 | D:2      | Noticed Natasha
   860 | D:2      | 860 ||| FLEEEEING.
   865 | D:2      | Killed Natasha
   866 | D:2      | Reached skill level 4 in Ranged Weapons
   988 | D:2      | Noticed Natasha
   996 | D:2      | Killed Natasha
   997 | D:2      | Reached skill level 1 in Armour
   997 | D:2      | Reached XP level 4. HP: 14/36 MP: 4/4
  1291 | D:2      | Noticed Natasha
  1296 | D:2      | Killed Natasha
  1297 | D:2      | Reached skill level 5 in Ranged Weapons
  1524 | D:2      | 1524 ||| DROPPING amulet of magic regeneration.
  1525 | D:2      | 1525 ||| READING scroll labelled WUEFU KEAPREPE.
  1543 | D:3      | 1543 ||| PLANNING SEWER
  1552 | D:3      | Found Wemohaf's Antique Armour Emporium.
  1651 | D:3      | Reached XP level 5. HP: 28/42 MP: 5/5
  1715 | D:3      | Slain by a gnoll

Levels and vault maps discovered:
D:1:      lemuel_arrival_cross, layout_basic, basic_ecumenical_altar
D:2:      layout_rooms, uniq_natasha
D:3:      layout_basic, trog_hazing_becter, general_overflow_altar,
          serial_co_window_serial, co_window_paths_a,
          co_window_of_opportunity_a, co_window_paths_a, co_window_paths_b,
          co_window_paths_a, co_window_broadway_b, co_window_broadway_c,
          co_window_corner_b, co_window_corner_ca, glass_columns_a,
          portal_sewer_entry_d, serial_shops, shop_statue, uniq_ijyb

Skill      XL: |  1  2  3  4 |
---------------+-------------+-----
Ranged Weapons | 3 4 5 |  5.0
Fighting       | 2 |  2.4
Armour         | 1 |  1.9
Dodging        | |  2.1
Spellcasting   | |  1.0
Hexes          | |  2.0

Action                     |  1- 3 |  4- 6 || total
---------------------------+-------+-------++-------
   Fire: Sling             |    85 |    47 ||   132
    Use: Scroll            |     3 |     1 ||     4
 Armour: Robe              |     7 |       ||     7
         Ring mail         |       |     7 ||     7
  Dodge: Dodged            |    25 |    20 ||    45

Table legend:
 A = Non-vault XP
 B = Vault XP
 C = Vault XP percentage of total XP
 D = Non-vault monster count
 E = Vault monster count
 F = Vault count percentage of total count
                 A         B        C        D         E       F
            +---------+---------+-------+---------+---------+-------
      Total |     165 |      37 |  18.3 |      35 |       1 |   2.8
            +---------+---------+-------+---------+---------+-------
        D:1 |      42 |       0 |   0.0 |      22 |       0 |   0.0
        D:2 |     105 |      37 |  26.1 |       9 |       1 |  10.0
        D:3 |      18 |       0 |   0.0 |       4 |       0 |   0.0
            +---------+---------+-------+---------+---------+-------
